 Dungeon Crawl Stone Soup version 0.20-a0-940-g1ecfa5a (webtiles) character file.

5098 tarabluh the Thaumaturge (level 10, -1/75 HPs)
             Began as a Deep Elf Conjurer on Mar 30, 2017.
             Was a Believer of Vehumet.
             Slain by a wyvern zombie (3 damage)
             ... on level 7 of the Dungeon.
             The game lasted 00:23:41 (9189 turns).

tarabluh the Thaumaturge (Deep Elf Conjurer)        Turns: 9189, Time: 00:23:42

Health: -1/75      AC: 25    Str:  5    XL:     10   Next: 32%
Magic:  2/29       EV:  2    Int: 27    God:    Vehumet [**....]
Gold:   228        SH:  0    Dex: 15    Spells: 20/35 levels left

rFire    . . .     SeeInvis .   B - +2 long sword
rCold    . . .     Gourm    .   (no shield)
rNeg     + + +     Faith    .   (armour currently unavailable)
rPois    +         Spirit   .   (helmet currently unavailable)
rElec    .         Reflect  .   (cloak currently unavailable)
rCorr    .         Harm     .   (gloves currently unavailable)
MR       +....     NoTele   +   (boots currently unavailable)
Stlth    ++........             (no amulet)
Regen    0.3/turn               u - ring of wizardry
MPRegen  0.3/turn               s - +3 ring of intelligence

@: tree-form
A: (horns 0), blurry vision 1, (deformed body), wild magic 1
a: Renounce Religion


You were on level 7 of the Dungeon.
You worshipped Vehumet.
Vehumet was pleased with you.
You were not hungry.
You were a tree.
You visited 2 branches of the dungeon, and saw 8 of its levels.

You collected 228 gold pieces.

Inventory:

Hand Weapons
 B - a +2 long sword (weapon)
Missiles
 y - 6 tomahawks (quivered)
Armour
 h - a +1 robe of magic resistance (melded)
 i - a +2 pair of boots (melded)
Jewellery
 s - a +3 ring of intelligence (right branch)
 u - a ring of wizardry (left branch)
Wands
 o - a wand of acid (9/15)
Scrolls
 a - a scroll of blinking {unknown}
 d - 6 scrolls of identify {unknown}
 e - 5 scrolls of remove curse {unknown}
 g - a scroll of holy word {unknown}
 j - a scroll of recharging {unknown}
 k - 2 scrolls of enchant armour {unknown}
 l - a scroll of magic mapping {unknown}
 n - 2 scrolls of noise {unknown}
 p - a scroll of immolation {unknown}
 r - 2 scrolls of teleportation {unknown}
 w - a scroll of amnesia {unknown}
Potions
 m - a potion of flight {unknown}
 q - 2 potions of brilliance {unknown}
 t - a potion of might {unknown}
 x - a potion of curing {unknown}
Books
 b - a book of Conjurations

   Spells                             Type                      Level
   a - Magic Dart                     Conjuration                  1
   b - Searing Ray                    Conjuration                  2
   c - Dazzling Spray                 Conjuration/Hexes            3
   d - Fulminant Prism                Conjuration/Hexes            4
   e - Force Lance                    Conjuration/Translocation    4
   f - Iskenderun's Mystic Blast      Conjuration                  4
Comestibles
 c - 6 bread rations
 f - 2 royal jellies
 A - 2 fruits


   Skills:
 - Level 2.4 Dodging
 - Level 2.4 Stealth
 - Level 13.1 Spellcasting
 * Level 12.8 Conjurations


You had 20 spell levels left.
You knew the following spells:

 Your Spells              Type           Power        Failure   Level  Hunger
a - Magic Dart            Conj           ####         1%          1    None
b - Searing Ray           Conj           ######       1%          2    None
c - Iskenderun's Mystic   Conj           #######.     1%          4    None
d - Fulminant Prism       Conj/Hex       ######....   1%          4    None
e - Force Lance           Conj/Tloc      ######..     1%          4    None


Dungeon Overview and Level Annotations

Branches:
Dungeon (7/15)             Temple (1/1) D:5

Altars:
Ashenzari
Cheibriados
Dithmenos
Elyvilon
Fedhas
Gozag
Hepliaklqana
Kikubaaqudgha
Nemelex Xobeh
Okawaru
Qazlal
Ru
Sif Muna
Trog
Uskayaw
Vehumet
Wu Jian
Xom
Yredelemnul
Zin


Innate Abilities, Weirdness & Mutations

((You have a pair of small horns on your head.))
Scrolls take you a little longer to read.
((Armour fits poorly on your strangely shaped body.))
Your spells are a little harder to cast, but a little more powerful.


Message History

Aiming: Magic Dart
Press: ? - help, Shift-Dir - straight line, f/p - wyvern zombie
Aim: a wyvern zombie (severely damaged)
The magic dart hits the wyvern zombie.
The wyvern zombie is severely damaged.
The wyvern zombie bites you but does no damage.
An orc comes into view. It is wielding a mace.
The orc shouts!
You hit the wyvern zombie.
The wyvern zombie is almost destroyed.
The wyvern zombie barely misses you.
The wyvern zombie bites you but does no damage.
You hit the wyvern zombie but do no damage.
The wyvern zombie is almost destroyed.
The wyvern zombie bites you but does no damage. x2
You barely miss the wyvern zombie.
The wyvern zombie is almost destroyed.
The wyvern zombie bites you but does no damage.
The wyvern zombie bites you.
You die...

........../.......# o #.#
≈≈....≈≈≈≈≈≈≈≈≈≈≈≈#### #.#
≈≈....≈≈≈≈≈≈≈≈≈≈≈≈≈≈≈≈ #.##
≈≈....≈≈o≈≈≈≈≈≈≈≈≈≈≈≈≈ #...
......[..)..oo........ ####
....#########[........ ###.
.##..# ##.######## #... ...#.#
####..##.....# ##.##
##.#.####<[..>oZ♣# #.# #..##
........#.##.##### #.# #.###
..............# #.# ##.#
.##...........## #.# ###..###
.####..........## #.# #)..##..
..########..##..# ##.# ###.####.#
#..### ##[###.###..###.(.##...#
##...######.)##.....###..####.###
###.>...###..####>......)....###


You could see an orc and a wyvern zombie.

Vanquished Creatures
  3 orc knights (D:7)
  2 hippogriffs (D:7)
  3 wargs (D:7)
  A water moccasin (D:5)
  4 orc warriors (D:7)
  2 ice beasts
  2 sky beasts (D:6)
  2 phantoms
  3 ogres
  A centaur (D:5)
  3 scorpions
  4 wights (D:6)
  3 howler monkeys
  4 bullfrog zombies
  The ghost of tarabluh the Conjurer, a weakling DECj (D:3)
  3 crimson imps
  2 hounds (D:7)
  A jelly (D:7)
  A gnoll shaman (D:7)
  A centaur skeleton (D:6)
  6 orc priests
  A bullfrog skeleton (D:7)
  6 orc wizards
  2 iguanas (D:6)
  5 worker ants
  10 adders
  12 gnolls
  A shadow imp (D:6)
  2 oozes (D:3)
  3 adder skeletons
  An adder zombie (D:5)
  2 worms (D:2)
  A dart slug (D:1)
  3 leopard geckos
  30 orcs
  4 bats
  5 giant cockroaches
  9 goblins
  10 hobgoblins
  6 jackals (D:4)
  6 kobolds
  3 quokkas
  2 ball pythons
  5 frilled lizards
  A giant cockroach zombie (D:6)
  A jackal skeleton (D:4)
  A quokka skeleton (D:4)
  8 rats
192 creatures vanquished.

Vanquished Creatures (others)
  40 fulminant prisms
40 creatures vanquished.

Grand Total: 232 creatures vanquished

Notes
Turn   | Place    | Note
-------+----------+-------------------------------------------
     0 | D:1      | tarabluh the Deep Elf Conjurer began the quest for the Orb.
     0 | D:1      | Reached XP level 1. HP: 10/10 MP: 6/6
   245 | D:1      | Reached XP level 2. HP: 15/15 MP: 6/8
   247 | D:1      | Reached skill level 5 in Conjurations
   777 | D:2      | Found a stormy altar of Qazlal.
   780 | D:2      | Found an iron altar of Okawaru.
   785 | D:2      | Found a shimmering altar of Xom.
   850 | D:2      | Reached XP level 3. HP: 19/19 MP: 7/9
  1116 | D:2      | Learned a level 2 spell: Searing Ray
  1382 | D:3      | Noticed tarabluh's ghost (weakling DECj)
  1391 | D:3      | Killed tarabluh's ghost
  1391 | D:3      | Reached XP level 4. HP: 24/24 MP: 2/10
  1479 | D:3      | Reached XP level 5. HP: 28/28 MP: 5/11
  1547 | D:3      | Learned a level 4 spell: Iskenderun's Mystic Blast
  1958 | D:3      | Found a faded altar of an unknown god.
  2017 | D:3      | Reached XP level 6. HP: 28/32 MP: 5/12
  2428 | D:3      | Learned a level 4 spell: Fulminant Prism
  3242 | D:4      | Reached skill level 4 in Spellcasting
  3861 | D:4      | Reached XP level 7. HP: 36/36 MP: 11/15
  4222 | D:5      | Entered Level 5 of the Dungeon
  4731 | D:5      | Reached skill level 5 in Spellcasting
  4790 | D:5      | Found an ancient bone altar of Kikubaaqudgha.
  4992 | D:5      | Found a staircase to the Ecumenical Temple.
  5004 | Temple   | Entered the Ecumenical Temple
  5228 | Temple   | Became a worshipper of Vehumet
  5345 | D:5      | Reached skill level 10 in Conjurations
  5483 | D:5      | Reached XP level 8. HP: 41/41 MP: 9/18
  5554 | D:5      | Reached skill level 6 in Spellcasting
  5833 | D:5      | Learned a level 4 spell: Force Lance
  5896 | D:6      | Gained mutation: Scrolls take you a little longer to read. [mutagenic meat]
  5897 | D:6      | Gained mutation: Your muscles are strong. (Str +2) [mutagenic meat]
  5898 | D:6      | Gained mutation: Armour fits poorly on your strangely shaped body. [mutagenic meat]
  5899 | D:6      | Gained mutation: You have a pair of small horns on your head. [mutagenic meat]
  5900 | D:6      | Gained mutation: Your spells are a little harder to cast, but a little more powerful. [mutagenic meat]
  5901 | D:6      | Lost mutation: Your muscles are strong. (Str +2) [mutagenic meat]
  6233 | D:6      | Reached skill level 7 in Spellcasting
  6908 | D:6      | Reached skill level 8 in Spellcasting
  6916 | D:6      | Reached XP level 9. HP: 45/45 MP: 13/23
  7315 | D:6      | Found a hide-covered altar of Uskayaw.
  7407 | D:7      | Reached skill level 9 in Spellcasting
  7581 | D:7      | Reached skill level 10 in Spellcasting
  7750 | D:7      | Reached * piety under Vehumet
  7750 | D:7      | Offered knowledge of Freeze by Vehumet.
  7753 | D:7      | Noticed an orc knight
  7756 | D:7      | Noticed an orc knight
  7757 | D:7      | Reached skill level 11 in Spellcasting
  8219 | D:7      | Killed an orc knight
  8219 | D:7      | Reached skill level 12 in Spellcasting
  8540 | D:7      | Reached skill level 13 in Spellcasting
  8540 | D:7      | Reached XP level 10. HP: 50/50 MP: 20/29
  8748 | D:7      | Killed an orc knight
  8884 | D:7      | Reached ** piety under Vehumet
  8884 | D:7      | Offered knowledge of Throw Flame by Vehumet.
  8902 | D:7      | Noticed an orc knight
  9147 | D:7      | Killed an orc knight
  9184 | D:7      | HP: 1/50 [wyvern zombie (8)]
  9189 | D:7      | Slain by a wyvern zombie

Vault maps used:
D:1:      lightli_arrival_chessboard
D:2:      grunt_temple_overflow_diamond
D:3:      chequers_ecumenical_altar_twisty
D:5:      kiku_gazebo_garden_becter, minmay_temple_entry_statues_fountains,
          first_bread
D:6:      kennysheep_spiral_hall, kennysheep_little_box
D:7:      lemuel_castle_with_subvaults
Temple:   regret_index_temple_generic_petals

Skill      XL: |  1  2  3  4  5  6  7  8  9 10 |
---------------+-------------------------------+-----
Conjurations   | 5 6 8 10 11 12 | 12.8
Spellcasting   | 4 5 8 13 | 13.1
Dodging        | |  2.4
Stealth        | |  2.4

Action                   |  1- 3 |  4- 6 |  7- 9 | 10-12 || total
-------------------------+-------+-------+-------+-------++-------
Melee: Unarmed           |     3 |       |       |       ||     3
       Long sword        |     1 |     6 |     9 |     6 ||    22
       Headbutt          |       |       |     2 |     1 ||     3
 Cast: Magic Dart        |    63 |    91 |   106 |    15 ||   275
       Searing Ray       |     3 |    14 |    47 |     5 ||    69
       Fulminant Prism   |       |     3 |    27 |    10 ||    40
       Iskenderun's Myst |       |     3 |     1 |     7 ||    11
       Force Lance       |       |       |     1 |     3 ||     4
  Use: Potion            |       |     2 |       |     2 ||     4
 Stab: Sleeping          |       |       |     1 |       ||     1
  Eat: Chunk             |     1 |     9 |    19 |     2 ||    31
       Royal jelly       |       |       |     1 |       ||     1
Armor: Robe              |     5 |     8 |    17 |     1 ||    31
       Skin              |       |     2 |       |    14 ||    16
Dodge: Dodged            |     7 |    23 |    60 |     9 ||    99
       Rpst.: Long sword |     1 |    13 |    20 |     4 ||    38
